AoeStats
← MAGIKARP

Arabia

503229003Analyzed
1v1 RM · 1mo ago on Aug 30, 2026· 87m 26s· 2 players
Game mode
Random Map
Map size
Tiny (2 player)
Population
200
Speed
Normal
Resources
Standard
Victory
Conquest
Starting age
Dark Age
Ending age
Imperial Age
RankedLock teamsTeams togetherTeam positionsShared explorationLock speedFull tech treeHidden civsTurbo modeCheats
Victory
Defeat
🇹🇷 Lithuanians · Türkiye
709
+15
🇹🇷 Magyars · Türkiye
697
-32
MAGIKARP
0:28 Loom
13:24 Feudal Age
15:01 Wheelbarrow
14:16 Double-Bit Axe
14:14 Horse Collar
14:32 Town Watch
19:41 Scale Barding Armor
21:06 Gold Mining
24:28 Castle Age
22:45 Bloodlines
24:09 Stone Mining
25:19 Husbandry
24:41 Light Cavalry
28:34 Hand Cart
28:20 Town Patrol
28:22 Heavy Plow
28:36 Bow Saw
36:33 Imperial Age
38:43 Conscription
38:27 Corvinian Army
39:04 Hoardings
39:13 Treadmill Crane
40:01 Ballistics
41:28 Chemistry
40:43 Masonry
58:09 Pikeman
59:15 Elite Magyar Huszar
ReactDeveloper
2:14 Loom
9:30 Feudal Age
10:03 Double-Bit Axe
10:55 Wheelbarrow
14:48 Horse Collar
16:40 Gold Mining
21:34 Castle Age
22:25 Bow Saw
22:58 Stone Mining
23:12 Heavy Plow
22:36 Pikeman
24:52 Stone Shaft Mining
25:19 Hand Cart
25:21 Squires
30:12 Forging
33:26 Man-at-Arms
34:37 Scale Mail Armor
35:13 Iron Casting
36:04 Husbandry
38:26 Chain Mail Armor
38:17 Scale Barding Armor
41:26 Imperial Age
38:48 Long Swordsman
42:02 Cavalier
42:22 Halberdier
44:52 Paladin
47:00 Chemistry
45:24 Capped Ram
58:09 Chain Barding Armor
66:30 Town Watch
75:08 Bloodlines
74:19 Light Cavalry
82:28 Winged Hussar
Connection lost

Rejoining the realm…

Still unreachable

The connection could not be restored.

Session expired

The server has moved on; the page needs a fresh start.